 Dungeon Crawl Stone Soup version 0.23.2 (webtiles) character file.

Game seed: 6115081026926559036

124 Fang the Skirmisher (level 5, -3/33 HPs)
             Began as a Gargoyle Berserker on Apr 4, 2019.
             Was a Believer of Trog.
             Slain by a gnoll (7 damage)
             ... on level 3 of the Dungeon.
             The game lasted 00:01:51 (2334 turns).

Fang the Skirmisher (Gargoyle Berserker)            Turns: 2334, Time: 00:01:52

Health: -3/33      AC:  7    Str: 21    XL:     5   Next: 8%
Magic:  5/5        EV: 12    Int:  8    God:    Trog [**....]
Gold:   111        SH:  0    Dex:  9    Spells: 4/4 levels left

rFire    . . .     SeeInvis .   a - +0 hand axe
rCold    . . .     Gourm    .   (no shield)
rNeg     + . .     Faith    .   b - +0 animal skin
rPois    ∞         Spirit   .   (no helmet)
rElec    +         Reflect  .   (no cloak)
rCorr    .         Harm     .   (no gloves)
MR       .....                  f - +0 pair of boots (curse)
Stlth    +.........             (no amulet)
HPRegen  0.11/turn              (no ring)
MPRegen  0.09/turn              (no ring)

@: no status effects
A: negative energy resistance 1, electricity resistance, unbreathing,
petrification resistance, rot immunity, AC +4
a: Berserk, Trog's Hand, Renounce Religion


You were on level 3 of the Dungeon.
You worshipped Trog.
Trog was pleased with you.
You were near starving.

You visited 1 branch of the dungeon, and saw 3 of its levels.

You collected 111 gold pieces.

Inventory:

Hand Weapons
 a - a +0 hand axe (weapon)
Armour
 b - a +0 animal skin (worn)
 f - a cursed +0 pair of boots (worn)
Scrolls
 g - 2 scrolls of identify {unknown}
 h - a scroll of amnesia {unknown}
 j - 2 scrolls of enchant weapon {unknown}
 l - 2 scrolls of fog {unknown}
Potions
 d - a potion of brilliance {unknown}
 e - a potion of heal wounds {unknown}
 k - 2 potions of invisibility {unknown}
 n - a potion of berserk rage {unknown}
Comestibles
 c - 8 rations


   Skills:
 + Level 4.1 Fighting
 + Level 3.4 Axes
 + Level 3.3 Armour
 + Level 2.4 Dodging


You had 4 spell levels left.
You didn't know any spells.
Your spell library was empty.

Dungeon Overview and Level Annotations

Branches:
Dungeon (3/15)

Altars:
Fedhas
Qazlal
Sif Muna
Yredelemnul


Innate Abilities, Weirdness & Mutations

You are resistant to torment.
Your stone body is resilient. (AC +4)
You are immune to poison.
You resist negative energy. (rN+)
You are resistant to electric shocks. (rElec)
You can survive without breathing.
You are immune to petrification.
You are immune to rotting.


Message History

The gnoll hits you. The gnoll barely misses you.
You hit the gnoll but do no damage.
The gnoll is almost dead.
The gnoll hits you.
* * * LOW HITPOINT WARNING * * *
You barely miss the gnoll.
The gnoll is almost dead.
The gnoll hits you.
* * * LOW HITPOINT WARNING * * *
The gnoll blocks your attack.
The gnoll is almost dead.
A gnoll comes into view. It is wielding a +0 whip.
The gnoll hits you.
* * * LOW HITPOINT WARNING * * *
A gnoll comes into view. It is wielding a +0 whip.
You closely miss the gnoll.
The gnoll is almost dead.
The gnoll shouts! x3; You hear a shout!
The gnoll hits you!
You die...

#.≈≈≈.. .. #g#.≈≈≈.. .g.
#'###≈≈..
'g'#############.g.#≈≈P.
...............#ggg#≈≈..
...≈≈g≈≈≈≈≈≈≈≈≈#####≈≈..
≈≈≈≈
...≈≈≈≈≈≈≈≈≈≈≈≈≈≈≈≈≈≈≈..
≈≈≈≈
...≈≈≈≈≈≈≈†≈≈≈≈≈≈≈≈≈≈≈..
....
......g@..).........[...
#..#..
g.######################
.....# .#.... .....# # #
## .# .


You could see 5 gnolls.

Vanquished Creatures
  Jessica (D:2)
  3 gnolls (D:3)
  An adder (D:3)
  2 worms
  5 hobgoblins
  18 jackals
  7 kobolds
  A quokka (D:2)
  A ball python (D:3)
  3 bats
  3 frilled lizards (D:1)
  3 goblins
  A spectral orc (D:2)
49 creatures vanquished.

Notes
Turn   | Place    | Note
-------+----------+-------------------------------------------
     0 | D:1      | Fang the Gargoyle Berserker began the quest for the Orb.
     0 | D:1      | Reached XP level 1. HP: 14/14 MP: 1/1
   195 | D:1      | Reached XP level 2. HP: 19/19 MP: 2/2
   682 | D:2      | Found a deep blue altar of Sif Muna.
  1031 | D:2      | Found a stormy altar of Qazlal.
  1125 | D:2      | Found a basalt altar of Yredelemnul.
  1162 | D:2      | Found a blossoming altar of Fedhas.
  1163 | D:2      | Noticed Jessica
  1168 | D:2      | Killed Jessica
  1168 | D:2      | Reached XP level 3. HP: 16/24 MP: 3/3
  1428 | D:2      | Reached XP level 4. HP: 26/29 MP: 4/4
  1543 | D:3      | Reached ** piety under Trog
  1652 | D:3      | Reached skill level 4 in Fighting
  2284 | D:3      | Reached XP level 5. HP: 17/33 MP: 5/5
  2334 | D:3      | Slain by a gnoll

Skill      XL: |  1  2  3  4 |
---------------+-------------+-----
Axes           | 3 |  3.4
Dodging        | 2 |  2.4
Armour         | 3 |  3.3
Fighting       | 4 |  4.1

Action                   |  1- 3 |  4- 6 || total
-------------------------+-------+-------++-------
Melee: Hand axe          |    71 |    90 ||   161
Invok: Berserk           |       |     1 ||     1
  Eat: Chunk             |     2 |     2 ||     4
Armor: Animal skin       |    32 |    43 ||    75
Dodge: Dodged            |    42 |    96 ||   138
